 Dungeon Crawl Stone Soup version 0.18-a0-1273-g8ec5f8e (webtiles) character file.

635 Gagarin the Chiller (level 7, -2/40 HPs)
             Began as a Kobold Ice Elementalist on Feb 7, 2016.
             Slain by a gnoll
             ... wielding a +2 flail of crushing
              (4 damage)
             ... on level 4 of the Dungeon.
             The game lasted 00:14:27 (3488 turns).

Gagarin the Chiller (Kobold Ice Elementalist)       Turns: 3488, Time: 00:14:27

Health: -2/40      AC:  8    Str:  6    XL:     7   Next: 79%
Magic:  13/13      EV: 18    Int: 15    God:
Gold:   182        SH:  0    Dex: 17    Spells: 2 memorised, 10 levels left

rFire  . . .     SeeInvis .     y - +1 dagger (venom)
rCold  . . .     Gourm    .     a - +0 robe
rNeg   . . .     Faith    .     (shield restricted)
rPois  .         Spirit   .     (no helmet)
rElec  .         Dismiss  .     u - +0 cloak
rCorr  .         Reflect  .     (no gloves)
SustAt .         Harm     .     (no boots)
MR     .....                    (no amulet)
Stlth  +++.......               f - +5 ring of protection
                                v - +1 ring of evasion

@: exhausted, slowed, very slow, not resistant to hostile enchantments, fairly
stealthy
A: carnivore 3
a: no special abilities


You were on level 4 of the Dungeon.
You were very full.

You visited 1 branch of the dungeon, and saw 4 of its levels.

You collected 182 gold pieces.

Inventory:

Hand Weapons
 e - a +0 dagger
 p - a +0 rapier
 y - a +1 dagger of venom (weapon)
Missiles
 j - 6 needles of paralysis
Armour
 a - a +0 robe (worn)
 u - a +0 cloak (worn)
Jewellery
 f - a +5 ring of protection (right hand)
 v - a +1 ring of evasion (left hand)
Wands
 w - a wand of flame (19/48)
Scrolls
 g - a scroll of identify
 i - a scroll of magic mapping {unknown}
 k - 2 scrolls of fear
 m - 3 scrolls of remove curse
 n - 3 scrolls of recharging {unknown}
 t - a scroll of random uselessness {unknown}
 x - a scroll of amnesia {unknown}
 z - 2 scrolls of enchant armour {unknown}
Potions
 d - a potion of berserk rage
 l - a potion of curing {unknown}
 q - a potion of haste {unknown}
Books
 b - a book of Frost

   Spells                             Type                      Level
   a - Freeze                         Ice                          1
   b - Throw Frost                    Conjuration/Ice              2
   c - Ozocubu's Armour               Charms/Ice                   3
   d - Throw Icicle                   Conjuration/Ice              4
   e - Summon Ice Beast               Ice/Summoning                4
   f - Condensation Shield            Ice                          4
Comestibles
 c - 4 meat rations
 o - 2 chunks of flesh
 r - a beef jerky


   Skills:
 + Level 2.1 Fighting
 + Level 1.1 Short Blades
 + Level 4.6 Dodging
 + Level 3.7 Stealth
 + Level 4.4 Spellcasting
   Level 0.8 Conjurations
 + Level 0.8 Charms
 + Level 5.1 Ice Magic
 + Level 1.2 Evocations


You had 10 spell levels left.
You knew the following spells:

 Your Spells              Type           Power        Failure   Level  Hunger
a - Freeze                Ice            ###.         1%          1    None
b - Ozocubu's Armour      Chrm/Ice       ##......     17%         3    ###....


Dungeon Overview and Level Annotations

Branches:
Dungeon (4/15)
 Temple: D:4-7

Altars:
Ashenzari
Cheibriados
Ru
Vehumet
The Shining One


Innate Abilities, Weirdness & Mutations

You are small and have problems with some larger weapons.
You are carnivorous and can eat meat at any time.


Message History

The worker ant is severely wounded.
The worker ant misses you.
You hit the worker ant.
The worker ant is almost dead.
You kill the worker ant!
The gnoll barely misses you.
You hit the gnoll.
The gnoll is poisoned.
The gnoll is lightly wounded.
You closely miss the gnoll.
The gnoll is lightly wounded.
The gnoll hits you with a flail!
You closely miss the gnoll.
The gnoll is moderately wounded.
The gnoll hits you with a flail of crushing!
* * * LOW HITPOINT WARNING * * *
x2 The gnoll barely misses you.
You hit the gnoll but do no damage.
The gnoll is poisoned.
The gnoll hits you with a flail of crushing!
* * * LOW HITPOINT WARNING * * *
You die...

.#..#.### ##
.......##
#.##.#..##
..##.....###
#######....###
#..#...##
##.###..## .
#.# ##.>### ..
#.. ##.g@# g..
##.# ###g#
.... .. #)#
..... ###
#g#......
#)o.o....
###....>.
...... .####
..


You could see 2 gnolls, an orc and a goblin.

Vanquished Creatures
  The ghost of Gagarin the Slasher, an amateur HOGl (D:3)
  A giant frog (D:3)
  A gnoll shaman (D:4)
  A hound (D:4)
  An orc priest (D:4)
  5 orc wizards
  2 worker ants (D:4)
  A gnoll (D:4)
  7 adders
  An ooze (D:2)
  6 giant geckos
  7 orcs
  7 bats
  2 giant cockroaches
  7 hobgoblins
  4 jackals (D:3)
  3 quokkas
  3 giant newts
  8 goblins
  8 kobolds
  3 rats
79 creatures vanquished.

Notes
Turn   | Place    | Note
--------------------------------------------------------------
     0 | D:1      | Gagarin the Kobold Ice Elementalist began the quest for the Orb.
     0 | D:1      | Reached XP level 1. HP: 10/10 MP: 3/3
   210 | D:1      | Found a glowing golden altar of the Shining One.
   271 | D:1      | Reached XP level 2. HP: 4/15 MP: 0/5
  1127 | D:2      | Reached XP level 3. HP: 19/19 MP: 6/6
  1146 | D:2      | Found a sacrificial altar of Ru.
  1738 | D:2      | Reached XP level 4. HP: 22/24 MP: 3/8
  1889 | D:2      | Reached skill level 4 in Ice Magic
  2015 | D:3      | Reached XP level 5. HP: 26/28 MP: 6/9
  2052 | D:3      | Learned a level 3 spell: Ozocubu's Armour
  2103 | D:3      | Noticed a giant frog
  2114 | D:3      | Killed a giant frog
  2114 | D:3      | Reached skill level 1 in Fighting
  2240 | D:3      | Noticed Gagarin's ghost (amateur HOGl)
  2278 | D:3      | Reached XP level 6. HP: 16/34 MP: 1/11
  2448 | D:3      | Found a radiant altar of Vehumet.
  2871 | D:3      | Killed Gagarin's ghost
  2871 | D:3      | Reached XP level 7. HP: 25/39 MP: 1/13
  3150 | D:4      | Found a shattered altar of Ashenzari.
  3319 | D:4      | Found a snail-covered altar of Cheibriados.
  3444 | D:4      | Reached skill level 1 in Short Blades
  3463 | D:4      | Reached skill level 5 in Ice Magic
  3475 | D:4      | Reached skill level 1 in Evocations
  3488 | D:4      | HP: 2/40 [gnoll/flail of crushing (10)]
  3488 | D:4      | Slain by a gnoll

Vault maps used:
D:1:      dpeg_arrival_arbitrary_a, tso_altar
D:2:      nicolae_ru_path_of_blood
D:3:      vehumet_altar_wand_db
D:4:      nicolae_overflow_crystal_walls, first_bread, cheibriados_altar_1,
          uniq_robin

Action                   |  1- 3 |  4- 6 |  7- 9 || total
-------------------------+-------+-------+-------++-------
Melee: Dagger            |    24 |    31 |    61 ||   116
       Rapier            |    14 |    54 |       ||    68
 Cast: Freeze            |    34 |    53 |     1 ||    88
       Ozocubu's Armour  |       |     5 |     2 ||     7
Evoke: Wand              |       |     3 |     1 ||     4
  Use: Scroll            |       |     1 |     2 ||     3
       Potion            |       |       |     2 ||     2
 Stab: Sleeping          |     6 |     1 |     2 ||     9
  Eat: Chunk             |    11 |     5 |     2 ||    18
